AoeStats
← supersponge

African Clearing

504723722Analyzed
2v2 RM · 27d ago on Sep 6, 2026· 62m 18s· 4 players
Game mode
Random Map
Map size
Medium (4 player)
Population
200
Speed
Normal
Resources
Standard
Victory
Conquest
Starting age
Dark Age
Ending age
Imperial Age
RankedLock teamsTeams togetherTeam positionsShared explorationLock speedFull tech treeHidden civsTurbo modeCheats
Victory
Defeat
🇭🇰 Huns · Hong Kong SAR China
963
+14
🇭🇰 Japanese · Hong Kong SAR China
962
+14
🇮🇹 Magyars · Italy
944
-15
🇩🇪 Britons · Germany
902
-13
mariusfrey99
14:16 Feudal Age
18:29 Padded Archer Armor
18:20 Fletching
24:07 Castle Age
24:52 Crossbowman
25:54 Double-Bit Axe
25:54 Horse Collar
26:21 Bodkin Arrow
28:24 Ballistics
28:42 Pikeman
29:23 Squires
30:36 Gold Mining
33:58 Town Watch
33:59 Loom
36:07 Wheelbarrow
35:58 Leather Archer Armor
36:38 Yeomen
40:39 Imperial Age
39:56 Stone Mining
40:24 Bow Saw
42:23 Chemistry
41:57 Ring Archer Armor
42:33 Hand Cart
42:19 Town Patrol
44:18 Gold Shaft Mining
43:46 Heavy Plow
45:10 Elite Skirmisher
45:44 Elite Longbowman
47:42 Arbalester
48:33 Bracer
48:43 Forging
48:39 Scale Barding Armor
48:40 Halberdier
49:05 Arson
49:38 Warwolf
54:14 Cavalier
54:55 Husbandry
56:38 Chain Barding Armor
56:19 Scale Mail Armor
56:54 Iron Casting
marro.bert
16:32 Feudal Age
17:21 Double-Bit Axe
17:19 Horse Collar
18:47 Bloodlines
19:43 Wheelbarrow
24:27 Scale Barding Armor
24:39 Gold Mining
30:24 Castle Age
29:40 Stone Mining
30:54 Fletching
31:05 Padded Archer Armor
31:29 Heavy Plow
32:07 Husbandry
32:20 Light Cavalry
33:30 Chain Barding Armor
35:21 Gold Shaft Mining
35:31 Leather Archer Armor
36:44 Bodkin Arrow
37:51 Thumb Ring
38:52 Hand Cart
41:18 Ballistics
45:26 Imperial Age
44:50 Corvinian Army
44:36 Treadmill Crane
44:54 Murder Holes
46:29 Conscription
46:18 Bracer
47:36 Parthian Tactics
48:00 Plate Barding Armor
50:04 Chemistry
51:05 Elite Magyar Huszar
52:17 Recurve Bow
53:34 Caravan
54:31 Cavalier
61:52 Ring Archer Armor
supersponge
3:57 Loom
12:42 Feudal Age
20:19 Castle Age
23:48 Bloodlines
24:53 Scale Barding Armor
25:45 Double-Bit Axe
28:24 Pikeman
32:05 Padded Archer Armor
33:49 Horse Collar
35:47 Wheelbarrow
36:25 Chain Barding Armor
37:48 Fletching
39:19 Forging
39:57 Squires
39:43 Arson
41:09 Ballistics
40:49 Bodkin Arrow
41:10 Leather Archer Armor
42:09 Iron Casting
42:51 Hand Cart
44:03 Thumb Ring
45:39 Husbandry
48:35 Imperial Age
46:25 Bow Saw
46:42 Scale Mail Armor
48:19 Chain Mail Armor
48:36 Halberdier
52:47 Parthian Tactics
52:09 Elite Skirmisher
52:52 Cavalier
56:52 Town Watch
59:49 Blast Furnace
59:25 Plate Barding Armor
58:50 Heavy Cavalry Archer
60:34 Paladin
62:43 Chemistry
Pug Samurai
9:25 Loom
13:03 Feudal Age
13:56 Man-at-Arms
15:55 Forging
23:23 Castle Age
22:05 Stone Mining
22:12 Arson
22:32 Scale Mail Armor
25:37 Double-Bit Axe
26:36 Chain Mail Armor
33:21 Elite Skirmisher
35:46 Iron Casting
35:08 Horse Collar
36:10 Fishing Lines
37:30 Wheelbarrow
38:32 Heavy Plow
39:39 Gillnets
41:10 Hand Cart
41:06 Thumb Ring
41:41 Gold Mining
45:55 Imperial Age
44:22 Fletching
44:32 Padded Archer Armor
46:02 Capped Ram
47:14 Conscription
47:14 Bodkin Arrow
47:35 Leather Archer Armor
47:50 Plate Mail Armor
48:26 Chemistry
47:47 Ballistics
48:29 Chemistry
48:26 Bracer
54:48 Onager
55:18 Town Watch
56:38 Gold Shaft Mining
58:20 Elite Samurai
59:38 Town Patrol
59:50 Squires
61:17 Redemption
Connection lost

Rejoining the realm…

Still unreachable

The connection could not be restored.

Session expired

The server has moved on; the page needs a fresh start.